 Dungeon Crawl Stone Soup version 0.26-a0-519-gb2f46efeda (webtiles) character file.

Game seed: 15518523697800271457

(classic levelgen) 16 EnegeticOcto the Sneak (level 2, -9/18 HPs)
             Began as a Halfling Enchanter on Aug 11, 2020.
             Mangled by a worm (11 damage)
             ... on level 2 of the Dungeon.
             The game lasted 00:02:12 (170 turns).

EnegeticOcto the Sneak (Halfling Enchanter)          Turns: 170, Time: 00:02:12

Health: -9/18      AC:  2    Str:  9    XL:     2   Next: 70%
Magic:  1/4        EV: 15    Int: 13    God:
Gold:   62         SH:  0    Dex: 14    Spells: 1/4 levels left

rFire    . . .     SeeInvis .   d - +0 short sword
rCold    . . .     Faith    .   (shield restricted)
rNeg     . . .     Spirit   .   b - +0 robe
rPois    .         Reflect  .   (no helmet)
rElec    .         Harm     .   e - scarf {+Inv}
rCorr    .                      (no gloves)
MR       .....                  (no boots)
Stlth    ++........             (no amulet)
HPRegen  0.06/turn              (no ring)
MPRegen  0.09/turn              (no ring)

@: very slightly contaminated, invisible
A: small, mutation resistance 1
a: no special abilities


You were on level 2 of the Dungeon.
You visited 1 branch of the dungeon, and saw 2 of its levels.

You collected 62 gold pieces.

Inventory:

Hand Weapons
 a - a +1 dagger
 d - a +0 short sword (weapon)
Missiles
 c - 30 bolts
Armour
 b - a +0 robe (worn)
 e - a scarf of invisibility (worn)


   Skills:
 + Level 1.0 Fighting
 + Level 2.0 Short Blades
 - Level 2.1 Dodging
 - Level 3.2 Stealth
 - Level 1.5 Spellcasting
 - Level 2.4 Hexes
 + Level 0.0 Ice Magic
 + Level 0.8 Evocations


You had one spell level left.
You knew the following spells:

 Your Spells              Type           Power        Failure   Level
a - Corona                Hex            #......      10%         1
b - Ensorcelled Hibernat  Hex/Ice        #.....       24%         2

Your spell library contained the following spells:

 Spells                   Type           Power        Failure   Level
 Confusing Touch          Hex            #.......     28%         3
 Tukima's Dance           Hex            #.......     28%         3
 Dazzling Flash           Conj/Hex       #.....       43%         3


Dungeon Overview and Level Annotations

Branches:
Dungeon (2/15)

Altars:
Trog


Innate Abilities, Weirdness & Mutations

You are small and have problems with some larger weapons.
You are somewhat resistant to further mutation.


Message History

A jackal comes into view.
Found 15 gold pieces.
An adder comes into view.
Found a bloodstained altar of Trog.
A bat comes into view.
You see here 15 gold pieces.
You now have 62 gold pieces (gained 15).
A goblin comes into view. It is wielding a +0 dagger.
You fade into invisibility!
A kobold comes into view. It is wielding a +1 whip of freezing.
The kobold moves out of view.
You hit the bat.
You kill the bat!
The helpless adder fails to defend itself.
You puncture the adder!
The adder is almost dead.
The kobold shouts!
You hear an angry hiss.
The adder closely misses you.
An adder comes into view.
The adder barely misses you.
You barely miss the adder.
The adder is almost dead.
The adder misses you.
A worm comes into view.
You catch the helpless adder completely off-guard!
You hit the adder.
You kill the adder!
You have reached level 2!
You see here an adder corpse.
A rat comes into view.
You flicker for a moment.
A goblin comes into view. It is wielding a +0 club.
The rat moves out of view.
Press: ? - help, v - describe, . - travel
Here: a kobold, wielding a +1 whip of freezing (wandering, hasn't noticed you)
The floor.
You flicker back into view.
Okay, then.
This spell is quite dangerous to cast!
Memorise Ensorcelled Hibernation, consuming 2 spell levels and leaving 1?
You start memorising the spell.
You continue memorising. x2
You finish memorising.
Spell assigned to 'b'.
Casting: Corona (safe; 10% risk of failure)
Confirm with . or Enter, or press ? or * to list all spells.
Aiming: Corona (safe; 10% risk of failure)
Press: ? - help, Shift-Dir - straight line, f - jackal
Aim: a jackal (asleep, chance to defeat MR: 59%)
You miscast Corona.
Nothing appears to happen.
Casting: Corona (safe; 10% risk of failure)
Confirm with . or Enter, or press ? or * to list all spells.
Aiming: Corona (safe; 10% risk of failure)
Press: ? - help, Shift-Dir - straight line, f/p - jackal
Aim: a jackal (asleep, chance to defeat MR: 59%)
The jackal barks!
The jackal is outlined in light.
A quokka comes into view.
The jackal barks!
You hit the jackal.
The jackal is almost dead.
The jackal misses you. The jackal closely misses you.
You hit the jackal.
You kill the jackal!
Your Fighting skill increases to level 1!
Your Short Blades skill increases to level 2!
You fail to use your ability.
A goblin comes into view.
You fail to use your ability.
The jackal closely misses you.
You fail to use your ability.
The jackal completely misses you.
You fail to use your ability.
The jackal completely misses you. The jackal barely misses you.
You fail to use your ability.
The jackal bites you.
You fail to use your ability.
The jackal bites you but does no damage.
You fail to use your ability.
The jackal misses you. The jackal closely misses you.
You fail to use your ability.
The jackal misses you.
You fail to use your ability.
The jackal closely misses you. The worm bites you. The jackal bites you.
You fail to use your ability.
The jackal completely misses you.
You fail to use your ability.
The jackal bites you but does no damage.
The worm bites you!
Ouch! That really hurt!
* * * LOW HITPOINT WARNING * * *
You fade into invisibility!
The jackal misses you. The jackal closely misses you.
The worm bites you but does no damage.
You hit the worm but do no damage. The jackal barely misses you.
You hit the worm.
The worm is lightly wounded.
The jackal bites you but does no damage.
The worm bites you!
Ouch! That really hurt!
You die...

#......†..##.......).......#
......_.....................#
#g......#..##..#.##.........#
#..###..#^.....#.#.....#+##.##.
#. #..#.####.#.#.....#....... #
...#.# #.#.#.....#..#.###
##..#.# ###.#.....#......#
#..#.######g#.....#.#<...#
.......w@hr......#.##.#.#
.##.######......... .....
##......## #.#.# ......# ....
......# .. . ....$.. ...
....... ... ....


You could see a worm (wandering), a quokka, a jackal and a goblin.

Vanquished Creatures
  An adder (D:2)
  A hobgoblin (D:1)
  A jackal (D:2)
  A bat (D:2)
  A frilled lizard (D:2)
  2 kobolds (D:1)
  2 rats
9 creatures vanquished.

Notes
Turn   | Place    | Note
-------+----------+-------------------------------------------
     0 | D:1      | EnegeticOcto the Halfling Enchanter began the quest for the
                  | Orb.
     0 | D:1      | Reached XP level 1. HP: 11/11 MP: 3/3
    97 | D:2      | Found a bloodstained altar of Trog.
   115 | D:2      | Reached XP level 2. HP: 17/18 MP: 1/4
   135 | D:2      | Learned a level 2 spell: Ensorcelled Hibernation
   156 | D:2      | Reached skill level 1 in Fighting
   156 | D:2      | Reached skill level 2 in Short Blades
   170 | D:2      | Mangled by a worm

Illustrated notes

Levels and vault maps discovered:
D:1:      nzn_arrival_depleted_hourglass, layout_rooms, minmay_tripent
D:2:      layout_basic, bloody_trog, lemuel_blue_sif_altar,
          minmay_misc_feat_diagonals

Skill      XL: |  1  2 |
---------------+-------+-----
Fighting       | 1 |  1.0
Short Blades   | 2 |  2.0
Dodging        | |  2.1
Stealth        | |  3.2
Spellcasting   | |  1.5
Hexes          | |  2.4
Evocations     | |  0.8

Action                   || total
-------------------------++-------
Melee: Short sword       ||    14
       Dagger            ||     2
 Cast: Corona            ||     2
 Abil: Evoke Invisibilit ||     3
 Stab: Sleeping          ||     5
       Invisible         ||     1
Armor: Robe              ||     4
Dodge: Dodged            ||    19

Table legend: (Time is in decaauts)
 A = Elapsed time spent in this place.
 B = Non-inter-level travel time spent in this place.
 C = Inter-level travel time spent in this place.
 D = Time resting spent in this place.
 E = Time spent auto-exploring this place.
 F = Levels seen in this place.
 G = Mean time per level.
                   A        B        C        D        E       F      G
               +--------+--------+--------+--------+--------+-----+--------+
         Total |    169 |    169 |      0 |      0 |      0 |   2 |   84.5 |
       Dungeon |    169 |    169 |      0 |      0 |      0 |   2 |   84.5 |
               +--------+--------+--------+--------+--------+-----+--------+

Top non-repeatable levels by time:
     D:2: 93 daAuts
     D:1: 75 daAuts
